 Dungeon Crawl Stone Soup version 0.26.1-2-gb8aa6d0cf2 (webtiles) character file.

Game seed: 16191257239917542628

32 Ladykiller69 the Chucker (level 3, -1/37 HPs)
             Began as an Ogre Hunter on Mar 16, 2021.
             Killed by nerve-wracking pain
             ... invoked by an orc priest
              (3 damage)
             ... on level 3 of the Dungeon.
             The game lasted 00:06:23 (2516 turns).

Ladykiller69 the Chucker (Ogre Hunter)              Turns: 2516, Time: 00:06:24

Health: -1/37      AC:  3    Str: 16    XL:     3   Next: 27%
Magic:  3/3        EV: 10    Int: 12    God:
Gold:   63         SH:  0    Dex: 10    Spells: 2/2 levels left

rFire    . . .     SeeInvis .   f - +0 club
rCold    . . .     Faith    .   (no shield)
rNeg     . . .     Spirit   .   b - +0 robe
rPois    .         Reflect  .   (helmet restricted)
rElec    .         Harm     .   (no cloak)
rCorr    .         Rampage  .   (gloves unavailable)
Will     .....                  (boots unavailable)
Stlth    +.........             (no amulet)
HPRegen  0.12/turn              (no ring)
MPRegen  0.08/turn              (no ring)

@: no status effects
A: large, unfitting armour, tough skin 1
a: no special abilities


You were on level 3 of the Dungeon.
You visited 1 branch of the dungeon, and saw 3 of its levels.

You collected 63 gold pieces.

Inventory:

Hand Weapons
 f - a +0 club (weapon)
Missiles
 c - 5 large rocks (quivered)
 d - 2 throwing nets
 e - 76 stones
 r - 8 javelins
 u - 3 silver boomerangs
Armour
 b - a +0 robe (worn)
Jewellery
 h - an uncursed ring of flight {unknown}
 l - a cursed -4 ring of strength {unknown}
 p - an uncursed ring of protection from cold {unknown}
Scrolls
 g - 2 scrolls of remove curse {unknown}
 i - 4 scrolls of enchant weapon {unknown}
 j - 2 scrolls of identify {unknown}
 o - a scroll of amnesia {unknown}
 q - a scroll of fog {unknown}
Potions
 a - a potion of brilliance {unknown}
 k - 3 potions of curing {unknown}
 m - a potion of berserk rage {unknown}
 n - a potion of heal wounds {unknown}
 s - a potion of lignification {unknown}
 t - 2 potions of degeneration {unknown}


   Skills:
 + Level 3.4 Fighting
 * Level 1.9 Maces & Flails
 - Level 4.0 Throwing
 - Level 2.0 Dodging
 - Level 0.6 Stealth


You had 2 spell levels left.
You didn't know any spells.
Your spell library was empty.

Dungeon Overview and Level Annotations

Branches:
Dungeon (3/15)

Altars:


Innate Abilities, Weirdness & Mutations

You are too large for most types of armour.
You have tough skin. (AC +1)


Message History

The bat closely misses you. The bat hits you.
* * * LOW HITPOINT WARNING * * *
The bat closely misses you. x2
The bat hits you but does no damage. The bat hits you.
* * * LOW HITPOINT WARNING * * *
The bat hits you but does no damage.
The orc priest begins to cast a cantrip, but forgets the words!
The bat hits you but does no damage. The bat barely misses you.
The bat hits you.
* * * LOW HITPOINT WARNING * * *
The bat hits you.
* * * LOW HITPOINT WARNING * * *
The orc priest looks braver for a moment.
The bat misses you. The bat hits you but does no damage. The bat hits you.
* * * LOW HITPOINT WARNING * * *
The orc priest calls down the wrath of Beogh upon you.
Pain shoots through your body!
You die...

#..# #..# #..#
#..# #..###
###..#.##
#)r..g..#
#.##.#.b#
##.##.#b@###
#.r.......!...#
#..##.#..####.#
#.S##.#..#
#.....o..####.
#r###.#.......
#.#.....##
##.#.###.## #.
#....#
#$.####.#


You could see an orc priest, a hobgoblin, 2 bats and a rat.

Vanquished Creatures
  An ooze (D:1)
  A giant cockroach (D:1)
  3 goblins
  4 hobgoblins
  9 jackals
  2 bats (D:2)
  A kobold (D:3)
  2 rats (D:2)
23 creatures vanquished.

Notes
Turn   | Place    | Note
-------+----------+-------------------------------------------
     0 | D:1      | Ladykiller69 the Ogre Hunter began the quest for the Orb.
     0 | D:1      | Reached XP level 1. HP: 22/22 MP: 1/1
     8 | D:1      | You fall into a shaft and drop 1 floor!
   218 | D:1      | Reached XP level 2. HP: 29/29 MP: 2/2
   308 | D:1      | Reached skill level 1 in Maces & Flails
  1072 | D:2      | Noticed a black bear
  1149 | D:1      | Reached XP level 3. HP: 7/37 MP: 3/3
  2066 | D:2      | HP: 1/37 [worm (8)]
  2516 | D:3      | Killed from afar by an orc priest

Illustrated notes

Levels and vault maps discovered:
D:1:      dpeg_arrival_yet_another_circle, layout_basic
D:2:      layout_rooms
D:3:      layout_loops_ring, nemelex_spade_bored_becter

Skill      XL: |  1  2 |
---------------+-------+-----
Fighting       | 3 |  3.4
Maces & Flails | 1 |  1.9
Dodging        | 2 |  2.0
Throwing       | |  4.0
Stealth        | |  0.6

Action                   || total
-------------------------++-------
Melee: Short sword       ||    16
       Club              ||   122
Armor: Robe              ||   102
Dodge: Dodged            ||   158
